AoeStats
← Jafarr

Arena

509939096Analyzed
1v1 RM · 4d ago on Sep 28, 2026· 49m 3s· 2 players
Game mode
Random Map
Map size
Tiny (2 player)
Population
200
Speed
Normal
Resources
Standard
Victory
Conquest
Starting age
Dark Age
Ending age
Imperial Age
RankedLock teamsTeams togetherTeam positionsShared explorationLock speedFull tech treeHidden civsTurbo modeCheats
Victory
Defeat
🇺🇸 Varangians · United States
1207
+17
🇹🇼 Teutons · Taiwan
1236
-17
okok861023
6:13 Loom
8:49 Feudal Age
10:08 Town Watch
10:57 Fletching
11:12 Double-Bit Axe
24:29 Castle Age
27:09 Wheelbarrow
27:12 Bow Saw
27:29 Horse Collar
30:42 Heavy Plow
33:17 Gold Mining
33:17 Stone Mining
39:18 Imperial Age
38:29 Stone Shaft Mining
39:03 Forging
38:53 Scale Mail Armor
39:07 Squires
38:52 Arson
40:23 Iron Casting
41:04 Chemistry
40:27 Ballistics
42:58 Blast Furnace
42:13 Chain Mail Armor
42:28 Conscription
43:20 Two-Man Saw
43:31 Hand Cart
43:04 Elite Teutonic Knight
44:27 Plate Mail Armor
45:27 Crop Rotation
46:14 Siege Engineers
45:53 Capped Ram
48:53 Pikeman
Jafarr
10:33 Feudal Age
14:39 Castle Age
26:38 Double-Bit Axe
28:14 Horse Collar
29:58 Loom
32:13 Bow Saw
34:25 Heavy Plow
36:04 Wheelbarrow
36:20 Scale Barding Armor
37:34 Bloodlines
38:11 Forging
39:13 Hand Cart
42:49 Imperial Age
40:30 Husbandry
41:30 Iron Casting
41:07 Town Watch
41:39 Stone Mining
41:41 Gold Mining
42:26 Chain Barding Armor
44:08 Plate Barding Armor
44:06 Conscription
43:12 Elite Jarl
44:47 Conscription
45:28 Squires
47:44 Blast Furnace
48:08 Murder Holes
48:04 Fletching
Connection lost

Rejoining the realm…

Still unreachable

The connection could not be restored.

Session expired

The server has moved on; the page needs a fresh start.